Map: [ESL] Site Delta

Players

LiquidCure (Cure)

  • Race: Terran Terran
  • League: Master
  • Spawn Location: 5:00

DKZDark (Dark) - Winner!

  • Race: Zerg Zerg
  • League: Master
  • Spawn Location: 11:00

VOD

Have the link to the VOD?

Description

Time

  • Played on: Dec. 20, 2023, 9:06 a.m.
  • Length: 16:31
Show
View Real Time Build Order
Export as new Build Order

LiquidCure Terran 

Build Orders: Reaper Expand, Hellion Banshee 

Get SALT Encoding   

  12  0:00  SCV  
  13  0:12  SCV  
  14  0:17  Supply Depot  
  14  0:24  SCV  
  15  0:38  SCV  
  15  0:40  Barracks  
  15  0:42  Refinery  
  16  0:50  SCV  
  17  1:02  SCV  
  18  1:14  SCV  
  19  1:27  Orbital Command, Reaper  
  20  1:38  Command Center  
  20  1:47  Supply Depot  
  20  1:53  SCV  
  21  1:59  Marine  
  22  2:05  SCV  
  23  2:10  Factory  
  23  2:17  SCV, Marine  
  25  2:29  SCV  
  26  2:37  Command Center, Barracks Reactor  
  26  2:43  SCV  
  27  2:49  Orbital Command  
  27  2:55  SCV  
  28  3:00  Starport  
  28  3:06  Refinery  
  28  3:07  SCV  
  29  3:16  Hellion  
  29  3:17  Hellion  
  29  3:18  SCV  
  29  3:19  Barracks Tech Lab  
  34  3:22  SCV  
  34  3:36  SCV x2  
  34  3:38  Hellion x2  
  38  3:44  Marine, Banshee  
  38  3:48  SCV x2  
  43  3:53  Orbital Command  
  43  4:00  Cloaking Field  
  43  4:01  SCV  
  43  4:02  SCV  
  45  4:05  Hellion  
  45  4:07  Hellion  
  49  4:12  Supply Depot  
  49  4:13  Barracks Tech Lab  
  49  4:15  SCV  
  49  4:16  SCV  
  51  4:19  SCV  
  52  4:27  Banshee  
  52  4:28  SCV x2  
  58  4:31  SCV  
  58  4:37  Marine  
  57  4:42  Stimpack  
  57  4:43  Barracks  
  57  4:44  SCV x2  
  60  4:45  SCV  
  60  4:46  Supply Depot, Barracks  
  60  4:51  Refinery  
  60  4:52  Refinery, Factory Reactor  
  60  4:56  SCV x2  
  60  4:57  SCV, Marine  
  64  5:06  Engineering Bay  
  64  5:10  Supply Depot, SCV x2, Engineering Bay  
  64  5:11  SCV  
  67  5:15  Marine  
  68  5:22  SCV x2  
  68  5:23  SCV  
  71  5:31  Marine x2  
  71  5:32  Starport Reactor  
  71  5:35  Supply Depot, Barracks  
  73  5:36  SCV x2  
  73  5:37  SCV, Barracks  
  73  5:38  Terran Infantry Weapons Level 1  
  73  5:41  Terran Infantry Armor Level 1  
  76  5:47  Marine  
  76  5:49  Siege Tank, Marine  
  81  5:50  Marine x2  
  81  5:52  Marine  
  84  5:57  SCV x2  
  84  5:58  Orbital Command  
  86  6:04  Supply Depot  
  86  6:07  Marine x2  
  86  6:09  SCV x2  
  86  6:10  Supply Depot  
  92  6:12  Medivac  
  92  6:20  Factory  
  92  6:21  SCV  
  93  6:25  Medivac  
  93  6:26  SCV x2, Widow Mine, Barracks Reactor  
  93  6:27  Barracks Reactor  
  93  6:31  Marine x5  
  104  6:32  Supply Depot  
  104  6:33  SCV  
  104  6:38  SCV x2  
  107  6:41  Armory  
  107  6:45  SCV  
  108  6:50  SCV  
  108  6:51  Refinery  
  109  6:54  SCV, Widow Mine  
  109  6:55  Supply Depot x2  
  109  6:56  Medivac  
  109  6:57  SCV  
  109  6:59  Marine x2  
  117  7:07  Refinery  
  117  7:08  Supply Depot  
  117  7:12  Factory Reactor  
  117  7:14  Supply Depot  
  117  7:16  SCV x2, Marine x2, Medivac  
  117  7:17  Supply Depot  
  117  7:20  Missile Turret  
  123  7:23  Command Center  
  123  7:29  Marine x4  
  125  7:30  Marine x2  
  125  7:31  Marine  
  125  7:34  Marine  
  130  7:37  Combat Shield  
  130  7:39  Marine  
  130  7:43  Supply Depot  
  131  7:47  Marine x3  
  131  7:50  Terran Infantry Armor Level 2, Terran Infantry Weapons Level 2  
  134  7:54  Missile Turret  
  132  7:59  SCV x2  
  132  8:00  SCV  
  135  8:06  Widow Mine  
  135  8:07  Widow Mine, Drilling Claws  
  135  8:08  Medivac x2  
  143  8:21  Barracks x3  
  143  8:26  Marine x2  
  144  8:31  Marine x6  
  148  8:40  Sensor Tower  
  148  8:43  Marine  
  148  8:44  Marine x2  
  148  8:45  Supply Depot  
  151  8:48  Marine  
  151  8:51  Marine x4  
  156  8:56  Marine  
  156  9:00  Widow Mine x3, Medivac x2  
  156  9:01  Marine  
  156  9:02  Supply Depot, Marine x2  
  170  9:04  Supply Depot  
  170  9:06  Marine  
  170  9:09  Marine x3  
  174  9:11  SCV x3  
  174  9:14  Barracks Tech Lab x3  
  177  9:19  Marauder  
  179  9:25  Marine x4  
  182  9:34  Marine x2, Marauder  
  186  9:40  Marauder  
  186  9:43  Sensor Tower  
  175  9:46  Marauder  
  175  9:49  Planetary Fortress  
  175  9:50  SCV x3  
  180  9:53  Marine x6  
  180  9:54  Marauder  
  180  9:55  Concussive Shells  
  180  9:56  Marauder  
  190  10:03  Marine x2, Marauder  
  194  10:07  Marine  
  194  10:09  Widow Mine x2  
  194  10:11  Marine, Terran Infantry Weapons Level 3  
  190  10:16  Marauder  
  190  10:20  Marine x4, Marauder  
  176  10:25  Marauder  
  176  10:27  Marine x3, Marauder  
  183  10:28  Marine  
  183  10:33  Widow Mine x2  
  188  10:37  Marauder  
  188  10:38  Marine x2  
  188  10:42  Marauder  
  193  10:44  Widow Mine  
  193  10:47  Command Center  
  194  10:54  Widow Mine  
  194  10:56  Marine x4, Marauder  
  195  11:07  Marine x2  
  195  11:08  Marine x2, Marauder x2  
  186  11:18  Marine x4, Marauder x2  
  192  11:19  Widow Mine  
  192  11:20  Widow Mine x2  
  200  11:37  Marauder  
  200  11:39  Terran Infantry Armor Level 3, Terran Vehicle And Ship Armor Level 1  
  184  11:55  Marine x4  
  184  11:56  Marauder  
  184  11:58  Widow Mine x3  
  184  11:59  Ghost Academy, Medivac x2  
  194  12:09  Marine x4  
  194  12:10  Marauder  
  194  12:29  Medivac x2  
  194  12:30  Personal Cloaking  
  194  12:40  Command Center  
  194  12:41  Command Center  
  194  12:45  Command Center  
  194  12:48  Neosteel Armor  
  191  12:53  Planetary Fortress  
  189  13:07  Ghost  
  189  13:08  Ghost x3, Command Center  
  197  13:13  Command Center  
  197  13:19  Missile Turret  
  197  13:20  Sensor Tower  
  197  13:36  Ghost  
  197  13:37  Ghost  
  197  13:40  Ghost  
  172  13:53  Marine x2, Ghost  
  172  13:54  Marine x2  
  154  14:05  Marine x4, Ghost x2  
  154  14:09  Ghost  
  164  14:12  Medivac x2  
  164  14:16  Hi-Sec Auto Tracking  
  167  14:21  Ghost  
  167  14:22  Marine x4  
  151  14:25  Marine x4  
  151  14:26  Widow Mine  
  151  14:27  Widow Mine  
  159  14:33  Ghost  
  159  14:34  Ghost  
  159  14:37  Ghost  
  152  14:40  Marine x4  
  152  14:43  Marine x2  
  158  14:48  Marine x2  
  158  14:51  Marauder  
  164  14:52  Widow Mine  
  164  14:53  Widow Mine x2  
  164  14:58  Marine x2  
  158  15:00  Medivac x2  
  158  15:03  Marauder x2  
  165  15:07  Marauder  
  165  15:13  Marine x4  
  143  15:22  SCV  
  143  15:23  Marine x3  
  143  15:24  Marauder x2  
  146  15:44  Marine x4  
  146  15:45  Marauder  
  144  15:51  Marine, Marauder  
  143  15:59  Marine x2  
  139  16:07  Marine  
Show
View Real Time Build Order
Export as new Build Order

DKZDark Zerg - Winner!

Build Orders: Hatch First 

Get SALT Encoding   

  12  0:00  Drone  
  13  0:12  Overlord  
  13  0:18  Drone  
  14  0:30  Drone x2  
  16  0:48  Hatchery  
  15  0:51  Drone  
  15  0:54  Drone  
  17  0:57  Drone  
  18  1:09  Extractor  
  17  1:13  Spawning Pool  
  17  1:15  Drone  
  17  1:19  Drone  
  18  1:27  Drone  
  19  1:39  Drone  
  20  1:50  Drone  
  21  1:59  Queen  
  21  2:00  Queen  
  21  2:01  Zergling x4  
  27  2:09  Metabolic Boost  
  27  2:11  Overlord  
  27  2:13  Drone  
  28  2:23  Extractor  
  28  2:24  Drone  
  28  2:31  Drone  
  28  2:33  Drone x2  
  31  2:40  Hatchery  
  31  2:41  Extractor  
  31  2:44  Drone  
  31  2:51  Queen  
  33  3:00  Overlord  
  33  3:01  Drone  
  33  3:02  Extractor  
  33  3:04  Queen  
  36  3:18  Drone  
  36  3:19  Drone, Zergling x4  
  40  3:20  Drone x4  
  40  3:21  Extractor  
  43  3:35  Drone  
  43  3:37  Overlord, Extractor  
  43  3:44  Overlord  
  43  3:46  Overlord  
  44  3:50  Overlord  
  44  3:51  Queen  
  44  3:53  Queen  
  44  3:55  Zergling x6  
  51  3:57  Drone x3  
  51  4:00  Drone  
  55  4:05  Drone x2  
  55  4:08  Drone  
  58  4:11  Drone  
  58  4:12  Drone x2  
  58  4:14  Drone x2  
  63  4:20  Drone  
  63  4:21  Drone  
  63  4:22  Drone x2  
  67  4:27  Lair  
  67  4:29  Queen, Extractor x2  
  68  4:31  Drone  
  68  4:36  Drone x3  
  68  4:37  Drone  
  70  4:44  Zergling x4  
  72  4:46  Drone x2  
  72  4:49  Drone x2  
  72  4:50  Drone x3  
  79  4:53  Baneling Nest  
  79  4:55  Drone  
  79  4:56  Spore Crawler  
  79  4:57  Spore Crawler  
  79  4:59  Drone  
  78  5:03  Zergling x6  
  81  5:11  Hatchery  
  81  5:12  Spore Crawler  
  79  5:21  Drone, Evolution Chamber  
  77  5:22  Drone  
  77  5:23  Drone x2, Evolution Chamber  
  77  5:26  Overlord  
  77  5:27  Overseer, Overlord  
  80  5:29  Overlord  
  80  5:30  Drone  
  80  5:32  Overlord  
  80  5:35  Extractor x2  
  80  5:38  Drone x2  
  81  5:47  Drone x4  
  81  5:48  Drone x2  
  81  5:49  Centrifugal Hooks, Zerg Melee Weapons Level 1  
  87  5:51  Zerg Ground Armor Level 1  
  87  5:53  Drone x2  
  88  6:00  Drone x2, Infestation Pit  
  88  6:02  Drone  
  90  6:07  Drone x2  
  90  6:08  Drone  
  90  6:10  Drone  
  90  6:11  Hatchery  
  93  6:12  Drone  
  93  6:15  Drone x2  
  93  6:17  Burrow  
  96  6:21  Zergling x10  
  101  6:29  Zergling x4  
  101  6:30  Spore Crawler  
  102  6:33  Baneling x6  
  102  6:34  Baneling  
  102  6:36  Zergling x2  
  102  6:37  Zergling x6  
  106  6:45  Hive  
  106  6:46  Zergling x14  
  106  6:47  Zergling x6  
  116  6:49  Zergling x4  
  116  6:50  Baneling x2  
  116  6:52  Drone  
  119  6:55  Overlord x2  
  119  6:57  Overlord  
  119  7:02  Overlord  
  119  7:03  Baneling  
  119  7:09  Overlord  
  119  7:12  Overlord  
  119  7:15  Zergling x26  
  132  7:23  Zergling x2  
  132  7:24  Zergling x8  
  137  7:32  Overseer  
  137  7:34  Pneumatized Carapace  
  136  7:39  Zergling x20  
  136  7:41  Hatchery  
  145  7:46  Zerg Melee Weapons Level 2, Zerg Ground Armor Level 2  
  143  7:55  Overlord  
  143  7:56  Drone  
  143  7:57  Adrenal Glands  
  144  7:59  Zergling x12  
  144  8:00  Ultralisk Cavern, Zergling x8  
  151  8:07  Drone x2  
  151  8:08  Drone x2  
  151  8:10  Zergling x14  
  162  8:14  Drone  
  162  8:17  Zergling x2  
  162  8:18  Zergling x10  
  169  8:22  Drone  
  162  8:32  Viper x2  
  161  8:37  Zergling x22  
  172  8:41  Hatchery, Spore Crawler  
  170  8:49  Chitinous Plating, Hatchery  
  170  8:54  Zergling x10  
  174  8:57  Overlord x2  
  174  8:58  Overlord  
  174  9:00  Overseer  
  174  9:02  Baneling x4, Nydus Network  
  174  9:03  Baneling x3  
  174  9:09  Drone x2, Spore Crawler  
  174  9:12  Overlord  
  174  9:13  Spore Crawler  
  174  9:14  Overlord  
  174  9:15  Drone  
  174  9:16  Drone  
  175  9:17  Drone x3  
  176  9:25  Zergling x18  
  168  9:31  Zergling x8  
  168  9:33  Overseer  
  168  9:35  Baneling x2  
  168  9:36  Baneling  
  168  9:37  Zergling x8  
  175  9:43  Zergling x8  
  173  9:46  Baneling x5  
  173  9:51  Baneling x2, Overseer  
  173  9:52  Zergling x14  
  180  9:56  Zergling x2  
  180  9:57  Zergling x4  
  183  10:08  Zerg Melee Weapons Level 3, Anabolic Synthesis, Zerg Ground Armor Level 3  
  183  10:09  Nydus Canal  
  183  10:13  Zergling x28  
  175  10:22  Zergling x12  
  175  10:25  Baneling x2  
  175  10:27  Nydus Canal  
  180  10:34  Zergling x24  
  191  10:38  Drone  
  191  10:39  Drone x3  
  191  10:41  Zergling x10  
  199  10:45  Baneling x4  
  197  10:54  Zergling x4  
  197  10:55  Zergling x4  
  200  11:02  Queen  
  196  11:09  Ultralisk x2  
  192  11:19  Drone x2  
  192  11:20  Drone, Spore Crawler  
  192  11:21  Drone x2  
  192  11:22  Spine Crawler  
  192  11:23  Spine Crawler, Baneling x9  
  192  11:24  Baneling x7  
  192  11:25  Drone  
  195  11:27  Zergling x4  
  195  11:28  Zergling x4  
  195  11:31  Baneling  
  199  11:35  Baneling  
  199  11:36  Baneling x6  
  199  11:40  Baneling x5  
  199  11:41  Baneling  
  199  11:46  Zergling x18  
  199  11:47  Zergling x8  
  192  11:56  Zergling x14  
  192  11:57  Zergling x20  
  200  12:01  Hatchery  
  200  12:03  Zergling x2  
  197  12:17  Zergling x6, Overseer  
  199  12:26  Zergling x8  
  199  12:38  Nydus Canal  
  199  12:39  Zergling x2  
  199  12:40  Zergling x2  
  199  12:41  Baneling x5  
  199  12:42  Baneling x7  
  199  12:55  Nydus Canal  
  199  12:57  Baneling x2  
  199  13:04  Overseer  
  199  13:06  Overseer  
  199  13:15  Zergling x2  
  199  13:17  Zerg Missile Weapons Level 1  
  200  13:21  Nydus Canal  
  200  13:28  Hatchery  
  160  13:48  Zergling x24  
  160  13:49  Zergling x58  
  182  13:56  Ultralisk x2  
  165  14:03  Zergling x24, Ultralisk x4  
  165  14:07  Nydus Canal  
  196  14:13  Baneling x5  
  196  14:16  Zergling x8  
  199  14:23  Zergling x2  
  199  14:24  Zergling x32  
  195  14:27  Zergling x4  
  195  14:30  Nydus Canal  
  191  14:35  Zergling x14  
  187  14:39  Ultralisk  
  187  14:41  Baneling x2  
  189  14:56  Zergling x2  
  189  14:57  Zergling x20, Nydus Canal  
  195  15:01  Zergling x4  
  188  15:07  Zergling x22  
  193  15:14  Nydus Canal  
  193  15:16  Zergling x2, Ultralisk  
  188  15:22  Zergling x2  
  188  15:23  Zergling x14  
  188  15:25  Zergling x2  
  188  15:26  Baneling x10, Zergling x16  
  188  15:27  Baneling, Drone  
  197  15:28  Drone x2  
  197  15:29  Extractor x2  
  195  15:37  Zergling x8  
  188  15:42  Zergling x2  
  188  15:43  Zergling x10  
  188  15:46  Zergling x4  
  195  15:56  Zergling x2  
  195  15:57  Zergling x12  
  197  16:07  Zergling x12  
  197  16:08  Zergling x10  
  195  16:12  Zergling x10  
Tags
 
Add a new tag
Caveats
  • Supply blocks, unpowered buildings, or Contaminate may cause inaccurate times.
  • Supply counts are checked every 10 seconds.